TOP OF THE 1ST |
Jersey Shore D-Bags batting - Pitching for Springfield Stars : LHP Marcos Flores
|
Pitching: LHP Marcos Flores
|
|
Batting: RHB Ricardo González
|
0-0: Ball 1-0: Called Strike 1-1: Fly out, F9 (Flyball, 9S)
|
Batting: RHB Mike Ingram
|
0-0: Ball 1-0: Ball 2-0: SINGLE (Flyball, 9LM)
|
Batting: RHB Miguel Serna
|
0-0: Ball 1-0: Foul Ball, location: 2F 1-1: Fly out, F7 (Flyball, 78S)
|
Batting: LHB Dave Dodd
|
0-0: Ball Mike Ingram steals 2nd base 1-0: Swinging Strike 1-1: Fly out, F8 (Flyball, 8LS)
|
Top of the 1st over - 0 runs, 1 hit, 0 errors, 1 left on base; Jersey Shore 0 - Springfield 0 |
BOTTOM OF THE 1ST |
Springfield Stars batting - Pitching for Jersey Shore D-Bags : RHP Alex Stanford
|
Pitching: RHP Alex Stanford
|
|
Batting: RHB Norberto Taváres
|
0-0: Ball 1-0: Foul Ball, location: 2F 1-1: Ball 2-1: Swinging Strike 2-2: Ball 3-2: Foul Ball, location: 2F 3-2: Base on Balls
|
Batting: LHB Jesús Tobías
|
0-0: TRIPLE (Line Drive, 78XD) Norberto Taváres scores
|
Batting: LHB Derek Davidson
|
0-0: Swinging Strike 0-1: Ball 1-1: Ball 2-1: DOUBLE (Line Drive, 9LM) Jesús Tobías scores
|
Batting: LHB Felipe Guerrero
|
0-0: Ball 1-0: Ground out 6-3 (Groundball, 6) Derek Davidson to third
|
Batting: LHB Elliott Newell
|
0-0: Fly out, F8 (Flyball, 8RD) Runner from 3rd tags up, SCORES, throw made
|
Batting: RHB Calvin Bennett
|
0-0: Ball 1-0: Fly out, F7 (Line Drive, 7S)
|
Bottom of the 1st over - 3 runs, 2 hits, 0 errors, 0 left on base; Jersey Shore 0 - Springfield 3 |
TOP OF THE 2ND |
Jersey Shore D-Bags batting - Pitching for Springfield Stars : LHP Marcos Flores
|
Batting: RHB Ben Morton
|
0-0: SINGLE (Line Drive, 6D)
|
Batting: LHB António Cedeño
|
0-0: Called Strike 0-1: SINGLE (Groundball, 4MD) Ben Morton to second Runner from 2nd tries for 3rd, SAFE, no throw
|
Batting: RHB Francisco Sandoval
|
0-0: Called Strike 0-1: Ball 1-1: Ball 2-1: Fly out, F8 (Flyball, 8RD) Runner from 3rd tags up, SCORES, throw made
|
Batting: LHB Ray Bryant
|
0-0: Called Strike 0-1: Ball 1-1: Ball 2-1: Ball 3-1: Base on Balls António Cedeño to second
|
Batting: LHB José Delgado
|
0-0: Grounds into double play, 6-4-3 (Groundball, 6)
|
Top of the 2nd over - 1 run, 2 hits, 0 errors, 1 left on base; Jersey Shore 1 - Springfield 3 |
BOTTOM OF THE 2ND |
Springfield Stars batting - Pitching for Jersey Shore D-Bags : RHP Alex Stanford
|
Batting: SHB António De La Cruz
|
0-0: Called Strike 0-1: SINGLE (Line Drive, 34)
|
Batting: LHB Mike Pearson
|
0-0: Swinging Strike 0-1: Fly out, F8 (Flyball, 89D)
|
Batting: RHB Juan Carlos Rodríguez
|
0-0: Called Strike 0-1: Ball 1-1: Called Strike 1-2: Ball 2-2: Ball 3-2: Foul Ball, location: 2F 3-2: DOUBLE (Line Drive, 78XD) António De La Cruz to third António De La Cruz scores
|
Batting: RHB Norberto Taváres
|
0-0: Called Strike 0-1: Foul Ball, location: 2F 0-2: Foul Ball, location: 2F 0-2: Strikes out swinging
|
Batting: LHB Jesús Tobías
|
0-0: Ground out 4-3 (Groundball, 4)
|
Bottom of the 2nd over - 1 run, 2 hits, 0 errors, 1 left on base; Jersey Shore 1 - Springfield 4 |
TOP OF THE 3RD |
Jersey Shore D-Bags batting - Pitching for Springfield Stars : LHP Marcos Flores
|
Batting: RHB Ricardo González
|
0-0: Ball 1-0: Called Strike 1-1: Swinging Strike 1-2: Ball 2-2: Ball 3-2: SINGLE (Line Drive, 3)
|
Batting: RHB Mike Ingram
|
0-0: Ball 1-0: Swinging Strike 1-1: Grounds into double play, 6-4-3 (Groundball, 6)
|
Batting: RHB Miguel Serna
|
0-0: Ball 1-0: Ball 2-0: Fly out, F8 (Flyball, 8LD)
|
Top of the 3rd over - 0 runs, 1 hit, 0 errors, 0 left on base; Jersey Shore 1 - Springfield 4 |
BOTTOM OF THE 3RD |
Springfield Stars batting - Pitching for Jersey Shore D-Bags : RHP Alex Stanford
|
Batting: LHB Derek Davidson
|
0-0: Swinging Strike 0-1: Ball 1-1: Ground out 4-3 (Groundball, 4)
|
Batting: LHB Felipe Guerrero
|
0-0: Foul Ball, location: 2F 0-1: Foul Ball, location: 2F 0-2: Fly out, F4 (Popup, 4MD)
|
Batting: LHB Elliott Newell
|
0-0: Fly out, F7 (Flyball, 7LM)
|
Bottom of the 3rd over - 0 runs, 0 hits, 0 errors, 0 left on base; Jersey Shore 1 - Springfield 4 |
TOP OF THE 4TH |
Jersey Shore D-Bags batting - Pitching for Springfield Stars : LHP Marcos Flores
|
Batting: LHB Dave Dodd
|
0-0: Ball 1-0: Ball 2-0: Ball 3-0: Ground out 6-3 (Groundball, 6)
|
Batting: RHB Ben Morton
|
0-0: Ground out 6-3 (Groundball, 6)
|
Batting: LHB António Cedeño
|
0-0: DOUBLE (Line Drive, 89D)
|
Batting: RHB Francisco Sandoval
|
0-0: Ball 1-0: Swinging Strike 1-1: Foul Ball, location: 2F 1-2: Ball 2-2: Foul Ball, location: 2F 2-2: SINGLE (Flyball, 7LS) António Cedeño to third Runner from 3rd tries for Home, SAFE, no throw
|
Batting: LHB Ray Bryant
|
0-0: Ball 1-0: Called Strike 1-1: Ball 2-1: Ball 3-1: Fly out, F3 (Line Drive, 3)
|
Top of the 4th over - 1 run, 2 hits, 0 errors, 1 left on base; Jersey Shore 2 - Springfield 4 |
BOTTOM OF THE 4TH |
Springfield Stars batting - Pitching for Jersey Shore D-Bags : RHP Alex Stanford
|
Batting: RHB Calvin Bennett
|
0-0: Foul Ball, location: 2F 0-1: Called Strike 0-2: Ground out 3-1 (Groundball, 34S)
|
Batting: SHB António De La Cruz
|
0-0: SINGLE (Line Drive, 34D)
|
Batting: LHB Mike Pearson
|
0-0: Ball 1-0: Called Strike 1-1: Ground out 6-3 (Groundball, 6D) António De La Cruz to second
|
Batting: RHB Juan Carlos Rodríguez
|
0-0: Ball 1-0: Fly out, F5 (Popup, 5S)
|
Bottom of the 4th over - 0 runs, 1 hit, 0 errors, 1 left on base; Jersey Shore 2 - Springfield 4 |
TOP OF THE 5TH |
Jersey Shore D-Bags batting - Pitching for Springfield Stars : LHP Marcos Flores
|
Batting: LHB José Delgado
|
0-0: Swinging Strike 0-1: SINGLE (Line Drive, 8LS)
|
Batting: RHB Ricardo González
|
0-0: Ball 1-0: Foul Ball, location: 2F 1-1: Ball 2-1: Called Strike 2-2: Foul Ball, location: 2F 2-2: Ball 3-2: Ground out 3-1 (Groundball, 34S) José Delgado to second
|
Batting: RHB Mike Ingram
|
0-0: Ball 1-0: Ball 2-0: Ball 3-0: Base on Balls
|
Batting: RHB Miguel Serna
|
0-0: DOUBLE (Flyball, 8LXD) José Delgado scores Mike Ingram to third Runner from 3rd tries for Home, throw and OUT!
|
Batting: LHB Dave Dodd
|
0-0: Called Strike 0-1: Ball 1-1: Ball 2-1: Called Strike 2-2: Fly out, F8 (Flyball, 8RM)
|
Top of the 5th over - 1 run, 2 hits, 0 errors, 1 left on base; Jersey Shore 3 - Springfield 4 |
BOTTOM OF THE 5TH |
Springfield Stars batting - Pitching for Jersey Shore D-Bags : RHP Alex Stanford
|
Batting: RHB Norberto Taváres
|
0-0: Called Strike 0-1: Swinging Strike 0-2: Strikes out looking
|
Batting: LHB Jesús Tobías
|
0-0: Ground out 4-3 (Groundball, 34)
|
Batting: LHB Derek Davidson
|
0-0: Swinging Strike 0-1: Ball 1-1: Ball 2-1: Ball 3-1: Foul Ball, location: 2F 3-2: Base on Balls
|
Batting: LHB Felipe Guerrero
|
0-0: Ball 1-0: Foul Ball, location: 2F 1-1: Ball 2-1: Ground out 6-3 (Groundball, 6M)
|
Bottom of the 5th over - 0 runs, 0 hits, 0 errors, 1 left on base; Jersey Shore 3 - Springfield 4 |
TOP OF THE 6TH |
Jersey Shore D-Bags batting - Pitching for Springfield Stars : LHP Marcos Flores
|
Batting: RHB Ben Morton
|
0-0: Called Strike 0-1: Ball 1-1: Ball 2-1: Ball 3-1: Called Strike 3-2: Base on Balls
|
Batting: LHB António Cedeño
|
0-0: Called Strike 0-1: Ball 1-1: Ball 2-1: Ball 3-1: Called Strike 3-2: Ground out 4-3 (Groundball, 4M) Ben Morton to second
|
Batting: RHB Francisco Sandoval
|
0-0: SINGLE (Line Drive, 6MD) Ben Morton to third
|
Batting: LHB Ray Bryant
|
0-0: Ball 1-0: Ball 2-0: Fly out, F7 (Flyball, 7D) Runner from 3rd tags up, SCORES, throw made
|
Batting: LHB José Delgado
|
0-0: Called Strike 0-1: Hit by Pitch Francisco Sandoval to second
|
Batting: RHB Ricardo González
|
0-0: Ball 1-0: Ball 2-0: Ball 3-0: Base on Balls Francisco Sandoval to third José Delgado to second
|
Pitching: LHP Cristián Escobar
|
|
Batting: RHB Mike Ingram
|
0-0: Ground out 1-3 (Groundball, 13)
|
Top of the 6th over - 1 run, 1 hit, 0 errors, 3 left on base; Jersey Shore 4 - Springfield 4 |
BOTTOM OF THE 6TH |
Springfield Stars batting - Pitching for Jersey Shore D-Bags : RHP Alex Stanford
|
Batting: LHB Elliott Newell
|
0-0: Ball 1-0: Called Strike 1-1: Ball 2-1: DOUBLE (Line Drive, 89D)
|
Batting: RHB Calvin Bennett
|
0-0: Ball 1-0: SINGLE (Groundball, 56D) Elliott Newell to third
|
Pitching: RHP Cristóbal Santos
|
|
Batting: SHB António De La Cruz
|
0-0: Called Strike 0-1: Foul Ball, location: 2F 0-2: Ground out 6-3 (Groundball, 6M) Calvin Bennett to second
|
Batting: LHB Mike Pearson
|
0-0: Ball 1-0: Fly out, F8 (Flyball, 8LM) Runner from 3rd tags up, SCORES, throw made
|
Batting: RHB Juan Carlos Rodríguez
|
0-0: Foul Ball, location: 2F 0-1: Ground out 5-3 (Groundball, 5S)
|
Bottom of the 6th over - 1 run, 2 hits, 0 errors, 1 left on base; Jersey Shore 4 - Springfield 5 |
TOP OF THE 7TH |
Jersey Shore D-Bags batting - Pitching for Springfield Stars : LHP Cristián Escobar
|
Batting: RHB Miguel Serna
|
0-0: Swinging Strike 0-1: SINGLE (Flyball, 89S)
|
Batting: LHB Dave Dodd
|
0-0: Ball 1-0: Called Strike 1-1: Ball 2-1: Fly out, F7 (Flyball, 7LSF)
|
Batting: RHB Ben Morton
|
0-0: Fly out, F3 (Line Drive, 3) Lined into DP, U3 (Line Drive, 3)
|
Top of the 7th over - 0 runs, 1 hit, 0 errors, 0 left on base; Jersey Shore 4 - Springfield 5 |
BOTTOM OF THE 7TH |
Springfield Stars batting - Pitching for Jersey Shore D-Bags : RHP Cristóbal Santos
|
Batting: RHB Norberto Taváres
|
0-0: Ball 1-0: Ball 2-0: Foul Ball, location: 2F 2-1: Foul Ball, location: 2F 2-2: Ball 3-2: Foul Ball, location: 2F 3-2: Base on Balls
|
Pitching: LHP Hyo-chin Kim
|
|
Batting: LHB Jesús Tobías
|
0-0: Called Strike 0-1: Ball 1-1: Ball 2-1: Foul Ball, location: 2F 2-2: Fielders Choice at 2nd, 1-6 (Groundball, P)
|
Batting: LHB Derek Davidson
|
0-0: Ball 1-0: Ball 2-0: Ball 3-0: Called Strike 3-1: Base on Balls Jesús Tobías to second
|
Batting: LHB Felipe Guerrero
|
0-0: Ball 1-0: Foul Ball, location: 2F 1-1: Grounds into double play, 4-6-3 (Groundball, 4)
|
Bottom of the 7th over - 0 runs, 0 hits, 0 errors, 1 left on base; Jersey Shore 4 - Springfield 5 |
TOP OF THE 8TH |
Jersey Shore D-Bags batting - Pitching for Springfield Stars : LHP Cristián Escobar
|
Now in LF: Gabriel Erwin
|
|
Batting: LHB António Cedeño
|
0-0: Ball 1-0: Fly out, F7 (Flyball, 7)
|
Batting: RHB Francisco Sandoval
|
0-0: SINGLE (Flyball, 8LS)
|
Batting: LHB Ray Bryant
|
0-0: Ball 1-0: Ball 2-0: Foul Ball, location: 2F 2-1: Swinging Strike 2-2: Foul Ball, location: 2F 2-2: Foul Ball, location: 2F 2-2: Foul Ball, location: 2F 2-2: Foul Ball, location: 2F 2-2: Strikes out swinging
|
Batting: LHB José Delgado
|
0-0: Ball 1-0: Ground out U3 (Groundball, 3)
|
Top of the 8th over - 0 runs, 1 hit, 0 errors, 1 left on base; Jersey Shore 4 - Springfield 5 |
BOTTOM OF THE 8TH |
Springfield Stars batting - Pitching for Jersey Shore D-Bags : LHP Hyo-chin Kim
|
Batting: LHB Elliott Newell
|
0-0: Called Strike 0-1: Ball 1-1: Ball 2-1: Ball 3-1: Foul Ball, location: 2F 3-2: Foul Ball, location: 2F 3-2: Foul Ball, location: 2F 3-2: Ground out U3 (Groundball, 3L)
|
Pitching: RHP José Ramos
|
|
Batting: RHB Calvin Bennett
|
0-0: Ball 1-0: Ball 2-0: Fly out, F8 (Flyball, 8RS)
|
Batting: SHB António De La Cruz
|
0-0: Swinging Strike 0-1: Ground out 5-3 (Groundball, 56)
|
Bottom of the 8th over - 0 runs, 0 hits, 0 errors, 0 left on base; Jersey Shore 4 - Springfield 5 |
TOP OF THE 9TH |
Jersey Shore D-Bags batting - Pitching for Springfield Stars : LHP Cristián Escobar
|
Pitching: RHP José Valdéz
|
|
Batting: RHB Ricardo González
|
0-0: Ball 1-0: Called Strike 1-1: Called Strike 1-2: Ball 2-2: Strikes out swinging
|
Batting: RHB Mike Ingram
|
0-0: Fly out, F9 (Line Drive, 9D)
|
Batting: RHB Miguel Serna
|
0-0: Called Strike 0-1: Ball 1-1: Called Strike 1-2: Foul Ball, location: 2F 1-2: Strikes out swinging
|
Top of the 9th over - 0 runs, 0 hits, 0 errors, 0 left on base; Jersey Shore 4 - Springfield 5 |
|